 Seeded DCSS version 0.25-a0-489-g9ae84a0 (webtiles) character file.

Game seed: 8324011069799046347, levelgen mode: deterministic

387926 Faels the Unseen (level 22, -8/133 HPs)
             Began as a Vampire Artificer on Feb 10, 2020.
             Was a High Priest of Okawaru.
             Mangled by an ettin
             ... wielding a +5 dire flail
              (23 damage)
             ... while paralysed by a floating eye
             ... on level 2 of the Depths.
             The game lasted 05:10:49 (77601 turns).

Faels the Unseen (Vampire Artificer)               Turns: 77601, Time: 05:10:50

Health: -8/133     AC: 19    Str: 19    XL:     22   Next: 3%
Magic:  29/29      EV:  2    Int: 21    God:    Okawaru [*****.]
Gold:   768        SH:  0    Dex: 19    Spells: 11/30 levels left

rFire    + + +     SeeInvis +   q - +9 rapier (venom)
rCold    + + +     Gourm    .   Q - +4 kite shield of Distant Shores {rC+ Int+2}
rNeg     + + +     Faith    .   x - +1 acid dragon scales
rPois    ∞         Spirit   .   P - +2 helmet {Int+3}
rElec    .         Reflect  +   v - +0 cloak of Joumexto {rF++}
rCorr    +         Harm     .   s - +2 pair of gloves {Str+3}
MR       ++...     Clarity  +   B - +0 pair of boots {run}
Stlth    +++++++++.             o - +3 amulet of reflection
HPRegen  0.00/turn              f - ring of Phasing {EV+8}
MPRegen  0.21/turn              d - ring of Kogg {Wiz rF+ rN+ SInv}

@: paralysed, bloodless, quick
A: no food, fangs 3, see invisible, clarity, strong 1, unbreathing
}: 2/15 runes: decaying, gossamer
a: Bat Form, Revivify, Heroism, Finesse, Renounce Religion


You were on level 2 of the Depths.
You worshipped Okawaru.
Okawaru was extremely pleased with you.
You were bloodless.

You visited 10 branches of the dungeon, and saw 40 of its levels.
You visited the Abyss 1 time.
You visited 1 bazaar.
You also visited: Sewer and Bailey.

You collected 5237 gold pieces.
You spent 4469 gold pieces at shops.

Inventory:

Hand Weapons
 e - the +7 falchion "Oveix" {drain, Int+4}
   (Okawaru gifted it to you on level 15 of the Dungeon)

   A truly terrible weapon, it drains the life of those it strikes.
   It affects your intelligence (+4).
 g - the +9 war axe of Conscience {flame, *Corrode rN+ Str+8 Int-3}
   (You bought it in a shop on level 10 of the Dungeon)

   It has been specially enchanted to burn those struck by it, causing extra
   injury to most foes and up to half again as much damage against particularly
   susceptible opponents.
   Big, fiery blades are also staple armaments of hydra-hunters.
   It affects your strength (+8).
   It affects your intelligence (-3).
   It protects you from negative energy.
   It may corrode you when you take damage.
 q - a +9 rapier of venom (weapon)
 W - a +9 scimitar of flaming
Missiles
 K - 51 poisoned darts (quivered)
 O - 22 silver javelins
Armour
 s - a +2 pair of gloves of strength (worn)
 v - the +0 cloak of Joumexto (worn) {rF++}
   (You found it on level 3 of the Spider Nest)

   It greatly protects you from fire.
   If you remove this armour, your AC will decrease by 2 (19 -> 17).
 x - +1 acid dragon scales (worn)
 B - a +0 pair of boots of running (worn)
 P - a +2 helmet of intelligence (worn)
 Q - the +4 kite shield of Distant Shores (worn) {rC+ Int+2}
   (You found it on level 12 of the Dungeon)

   It affects your intelligence (+2).
   It protects you from cold.
Jewellery
 d - the ring of Kogg (right hand) {Wiz rF+ rN+ SInv}
   (You found it on level 15 of the Dungeon)

   [ring of wizardry]

   It improves your spell success rate.
   It protects you from fire.
   It protects you from negative energy.
   It lets you see invisible.
 f - the ring of Phasing (left hand) {EV+8}
   (You bought it in a shop in a bazaar)

   [ring of evasion]

   It affects your evasion (+8).
 o - a +3 amulet of reflection (around neck)
 w - the ring "Lepnit" {rC+ Dex+2 SInv}
   (You found it on level 15 of the Dungeon)

   [ring of see invisible]

   It affects your dexterity (+2).
   It protects you from cold.
   It lets you see invisible.
Wands
 y - a wand of enslavement (28)
 A - a wand of disintegration (41)
 C - a wand of polymorph (24)
 J - a wand of acid (35)
 M - a wand of paralysis (17)
 R - a wand of scattershot (13)
 S - a wand of clouds (1)
 X - a wand of iceblast (20)
 Y - a wand of digging (10)
Scrolls
 c - 2 scrolls of magic mapping
 i - 8 scrolls of teleportation
 n - 8 scrolls of fog
 t - 22 scrolls of remove curse
 F - 4 scrolls of identify
 N - 2 scrolls of fear
 U - a scroll of silence
 V - a scroll of blinking
Potions
 b - 8 potions of might
 h - 7 potions of flight
 j - 6 potions of lignification
 k - 6 potions of brilliance
 m - 8 potions of heal wounds
 p - 3 potions of cancellation
 r - 2 potions of agility
 u - 4 potions of ambrosia
 z - 13 potions of curing
 D - 2 potions of berserk rage
 G - 6 potions of haste
 H - 3 potions of magic
 L - 3 potions of resistance
 T - 3 potions of invisibility
Miscellaneous
 a - 4 sacks of spiders
 l - a phial of floods
 E - the horn of Geryon
 Z - a lightning rod (4/4)


   Skills:
 + Level 12.6 Fighting
 - Level 14.0(15.7) Short Blades
 - Level 11.7(14.0) Long Blades
 + Level 9.9 Axes
 - Level 4.6 Throwing
 - Level 8.9 Armour
 + Level 15.4 Dodging
 + Level 20.7 Stealth
 - Level 15.0 Shields
 - Level 4.8 Spellcasting
 - Level 3.9 Conjurations
 - Level 7.0 Transmutations
 - Level 5.2 Ice Magic
 - Level 5.2 Air Magic
 - Level 6.4 Earth Magic
 - Level 4.7 Poison Magic
 - Level 5.1 Invocations
 + Level 7.9 Evocations


You had 11 spell levels left.
You knew the following spells:

 Your Spells              Type           Power        Failure   Level  Hunger
a - Poisonous Vapours     Pois/Air       ####..       1%          2    N/A
b - Mephitic Cloud        Conj/Pois/Air  ###.....     2%          3    N/A
c - Frozen Ramparts       Ice            ####..       1%          3    N/A
d - Animate Skeleton      Necr           N/A          6%          1    N/A
e - Apportation           Tloc           #.....       6%          1    N/A
f - Corpse Rot            Necr/Air       N/A          2%          2    N/A
g - Ensorcelled Hibernat  Hex/Ice        ###...       2%          2    N/A
h - Freeze                Ice            ####         1%          1    N/A
i - Passwall              Tmut/Erth      ####....     1%          2    N/A
j - Slow                  Hex            #.......     9%          2    N/A

Your spell library contained the following spells:

 Spells                   Type           Power        Failure   Level  Hunger
 Magic Dart               Conj           ###.         1%          1    N/A
 Sandblast                Erth           ####..       1%          1    N/A
 Sting                    Tmut/Pois      ####         1%          1    N/A
 Stone Arrow              Conj/Erth      ####..       1%          3    N/A
 Swiftness                Chrm/Air       ###.....     2%          2    N/A
 Petrify                  Tmut/Erth      ####....     3%          4    N/A
 Corona                   Hex            #......      6%          1    N/A
 Pain                     Necr           #...         6%          1    N/A
 Summon Small Mammal      Summ           #...         6%          1    N/A
 Ozocubu's Armour         Chrm/Ice       ###.....     6%          3    N/A
 Conjure Flame            Conj/Fire      ##......     8%          3    N/A
 Dazzling Flash           Conj/Hex       ##....       8%          3    N/A
 Blink                    Tloc           N/A          9%          2    N/A
 Call Imp                 Summ           #.......     9%          2    N/A
 Sublimation of Blood     Necr           #.........   9%          2    N/A
 Hailstorm                Conj/Ice       ###.....     9%          4    N/A
 Lee's Rapid Deconstruct  Erth           ####......   11%         5    N/A
 Alistair's Intoxication  Tmut/Pois      ####....     13%         5    N/A
 Leda's Liquefaction      Hex/Erth       ###.......   14%         4    N/A
 Confusing Touch          Hex            #.......     16%         3    N/A
 Inner Flame              Hex/Fire       #.......     16%         3    N/A
 Portal Projectile        Hex/Tloc       #.....       16%         3    N/A
 Tukima's Dance           Hex            #.......     16%         3    N/A
 Vampiric Draining        Necr           #.........   16%         3    N/A
 Irradiate                Conj/Tmut      ####......   16%         5    N/A
 Summon Lightning Spire   Summ/Air       ###.....     17%         4    N/A
 Summon Ice Beast         Ice/Summ       ###.....     19%         4    N/A
 Bolt of Magma            Conj/Fire/Erth ###.......   34%         5    N/A
 Hydra Form               Tmut           ####......   41%         6    N/A
 Silence                  Hex/Air        ###.......   43%         5    N/A
 Animate Dead             Necr           N/A          45%         4    N/A
 Cause Fear               Hex            #.........   45%         4    N/A
 Dispel Undead            Necr           #.......     45%         4    N/A
 Statue Form              Tmut/Erth      ####.....    45%         6    N/A
 Iskenderun's Battlesphe  Conj/Chrm      ##......     52%         5    N/A
 Iron Shot                Conj/Erth      ####......   65%         6    N/A
 Freezing Cloud           Conj/Ice/Air   ####......   71%         6    N/A
 Conjure Ball Lightning   Conj/Air       ###.......   75%         6    N/A
 Agony                    Necr           #.......     80%         5    N/A
 Excruciating Wounds      Chrm/Necr      #.........   80%         5    N/A
 Dragon Form              Tmut           ####......   92%         7    N/A
 Deflect Missiles         Chrm/Air       ###.......   93%         6    N/A
 Orb of Destruction       Conj           ###.......   100%        7    N/A
 Ring of Flames           Chrm/Fire      #.........   100%        7    N/A
 Spellforged Servitor     Conj/Summ      ##........   100%        7    N/A
 Summon Hydra             Summ           #.........   100%        7    N/A
 Dragon's Call            Summ           #.........   100%        9    N/A
 Tornado                  Air            ####......   100%        9    N/A

Dungeon Overview and Level Annotations

Branches:
Dungeon (15/15)            Temple (1/1) D:5            Lair (6/6) D:10
  Swamp (4/4) Lair:3       Spider (4/4) Lair:3        Slime (0/5) Lair:5
    Orc (2/2) D:11            Elf (2/3) Orc:2        Vaults (3/5) D:13
  Crypt (0/3) Vaults:3     Depths (2/5) D:15           Hell (visited)
  Sewer (visited)          Bailey (visited)
    Dis: Hell:1         Geh: Hell:1         Coc: Hell:1         Tar: Hell:1

Altars:
Ashenzari
Cheibriados
Dithmenos
Elyvilon
Fedhas
Gozag
Hepliaklqana
Kikubaaqudgha
Makhleb
Nemelex Xobeh
Okawaru
Qazlal
Ru
Sif Muna
Trog
Uskayaw
Vehumet
Wu Jian
Xom
Yredelemnul
Zin
The Shining One
Beogh

Shops:
D:5 !   D:9 *   D:10 (   Orc:2 }[[%   Vaults:1 [

Portals:
Hell: Depths:1 Depths:2
Pandemonium: Depths:2
Bazaar: Elf:1


Innate Abilities, Weirdness & Mutations

You do not eat.
You do not regenerate when monsters are visible.
You are frail without blood (-20% HP).
You can heal yourself when you bite living creatures.
You are immune to poison.
You have razor-sharp teeth.
You have supernaturally acute eyesight. (SInv)
You can survive without breathing.
You possess an exceptional clarity of mind.
Your muscles are strong. (Str +2)


Message History

The flayed ghost is severely damaged.
You puncture the flayed ghost! Your bite misses the flayed ghost.
The flayed ghost is almost destroyed.
The flayed ghost closely misses you. You block the ettin's attack. x2
You closely miss the flayed ghost.
The flayed ghost is almost destroyed.
You puncture the flayed ghost!
You destroy the flayed ghost!
Okawaru accepts your kill.
The floating eye gazes piercingly through you!
You suddenly lose the ability to move!
The ettin hits you with a +5 dire flail!!
The ettin hits you with a +0 dire flail!!
The ettin hits you but does no damage.
The ettin hits you with a +0 dire flail!!
* * * LOW HITPOINT WARNING * * *
The ettin hits you with a +5 dire flail!
* * * LOW HITPOINT WARNING * * *
The ettin hits you with a +0 dire flail!!
You die...

##.#############
##
.≈≈♣............
..
.P≈≈............
.# #.#
≈≈≈............
#.. ..#
...≈≈..@C......
#.#
####≈..G.......
#.# #≈..........
#.# #
#≈.......... #.#
#♣####.
#≈.#########
####.#
≈≈≈..#.≈#####≈.#
#....#
≈≈≈≈.'.≈≈≈≈≈≈≈.#
#.##.#
P≈≈###.........#
#.##.#
#.P########'####
#.##..


You could see an ettin and a floating eye.

Vanquished Creatures
  An ancient lich (Abyss:2)
  Bai Suzhen (Vaults:2)
  Geryon (Hell)
  Arachne (Spider:4)
  A bone dragon (Abyss:2)
  Rupert (D:12)
  Jorgrun (D:12)
  A deep elf blademaster (Elf:2)
  2 tentacled starspawn (Abyss:2)
  A sphinx (Vaults:2)
  3 thorn hunters (Swamp:4)
  Murray (Depths:1)
  Kirke (D:12)
  The ghost of iishen the Markscentaur, an adept CeHu of Okawaru (Spider:3)
  Agnes (Spider:2)
  A shadow dragon (Depths:1)
  Donald (Orc:2)
  2 fire giants
  4 frost giants
  2 vault wardens
  A deep elf sorcerer (Elf:2)
  A balrug (Depths:1)
  A deep elf elementalist (Elf:2)
  5 ghost moths
  2 orc warlords
  Aizul (Depths:2)
  9 emperor scorpions
  A draconian annihilator (Abyss:2)
  7 ironheart preservers
  6 very ugly things
  4 reapers
  8 entropy weavers
  5 stone giants
  A deep elf annihilator (Vaults:2)
  3 vampire knights
  A lorocyproca (Depths:1)
  2 deep elf demonologists
  Nessos (D:13)
  4 spark wasps
  3 ettins
  Josephine (D:15)
  5 fire dragons
  A deep elf death mage (Elf:2)
  6 great orbs of eyes
  The ghost of Uwkeq the Cleaver, a journeyman MiFi (D:12)
  4 vault guards (D:15)
  7 yaktaur captains
  Erolcha (D:9)
  5 rakshasas
  2 ghost crabs
  5 ice dragons
  33 two-headed ogres
  4 catoblepae
  2 death knights
  Erica (D:11)
  2 shambling mangroves (Swamp:4)
  6 tengu warriors
  29 hydras
  17 dancing weapons
  9 ogre magi
  5 centaur warriors
  6 death yaks
  6 alligators
  A queen ant (Spider:3)
  7 deep troll earth magi
  2 deep troll shamans
  3 orc high priests (Orc:2)
  Nergalle (D:10)
  A vampire mage (Depths:2)
  4 hell knights
  8 sun demons (Depths:1)
  8 soul eaters
  21 deep elf knights
  2 spriggan druids (Swamp:3)
  16 deep trolls
  7 skeletal warriors
  3 shadow wraiths
  A spatial maelstrom (Abyss:2)
  An unseen horror (shapeshifter) (Depths:1)
  A salamander mystic (D:15)
  13 unseen horrors
  3 flayed ghosts
  A swamp dragon (shapeshifter) (Depths:1)
  13 deep elf archers
  3 glowing orange brains
  14 swamp dragons
  3 wizards
  9 orc knights
  10 ironbrand convokers
  6 harpies
  A shadow dragon zombie (Hell)
  7 necromancers
  23 wolf spiders
  A sphinx zombie (Hell)
  2 oklob plants (Lair:6)
  13 orb spiders
  A frost giant zombie (Hell)
  6 orc sorcerers
  2 wolf spider zombies
  2 manticores (Lair:6)
  59 deep elf magi
  33 ugly things
  A fire giant zombie (Hell)
  A worldbinder (Abyss:2)
  2 elephants (shapeshifter)
  4 cyclopes
  A smoke demon (Abyss:2)
  A shock serpent zombie (Hell)
  A naga mage (D:15)
  A molten gargoyle (Depths:1)
  3 torpor snails
  A rust devil (Hell)
  6 vault sentinels
  10 black mambas
  18 spiny frogs
  3 gargoyles
  A kobold demonologist (D:15)
  A hellion (Hell)
  26 yaktaurs
  5 spectral swamp worms
  A swamp worm zombie (Swamp:3)
  9 demonic crawlers
  10 komodo dragons
  6 rime drakes
  6 freezing wraiths
  An ice devil (Depths:1)
  2 hydra zombies
  4 tengu conjurers (D:15)
  A troll (shapeshifter) (Vaults:3)
  13 trolls
  19 hornets
  2 polar bears
  A red devil (Depths:1)
  6 meliai
  2 queen bees
  21 blink frogs
  29 jumping spiders
  15 slime creatures
  6 dream sheep
  5 tyrant leeches
  A frost giant simulacrum (Vaults:3)
  A blink frog (shapeshifter) (Vaults:3)
  A raiju (Abyss:2)
  12 hippogriffs
  A flying skull (Vaults:3)
  An ettin skeleton (Hell)
  6 bog bodies
  A fire giant simulacrum (Vaults:2)
  2 shadows
  5 air elementals
  57 redbacks
  11 water elementals
  A centaur simulacrum (D:12)
  23 tarantellas
  A ynoxinul (Abyss:2)
  A spriggan (shapeshifter) (Vaults:2)
  8 spriggans
  11 wraiths
  43 yaks
  7 fire elementals
  3 hungry ghosts
  A hog (D:12)
  13 wyverns
  A tyrant leech zombie (Swamp:3)
  2 hogs (shapeshifter)
  10 basilisks
  25 vampire mosquitoes
  A steam dragon (D:10)
  2 nagas (D:15)
  5 wargs
  6 insubstantial wisps
  18 soldier ants
  4 acid dragons
  12 swamp worms
  8 porcupines
  5 hell hounds
  2 floating eyes (D:15)
  2 spectral hornets (D:12)
  14 water moccasins
  2 black bears
  A hornet zombie (Swamp:3)
  15 swamp drakes
  2 sky beasts
  55 orc warriors
  4 ice beasts
  2 phantoms
  An eye of draining (D:15)
  A necrophage (D:9)
  2 large abominations (Abyss:2)
  32 ogres
  4 boggarts
  25 wolves
  An eye of draining (shapeshifter) (Depths:2)
  6 starcursed masses (Abyss:2)
  6 centaurs
  13 crocodiles
  4 big kobolds
  A komodo dragon zombie (Swamp:3)
  12 bullfrogs
  9 gnoll sergeants
  3 small abominations (Abyss:2)
  A wyvern zombie (D:10)
  An earth elemental (Elf:2)
  A wyvern skeleton (D:6)
  8 scorpions
  A tengu zombie (Hell)
  36 killer bees
  12 wights
  6 electric eels
  6 howler monkeys
  8 crimson imps
  4 centaur zombies
  A quasit (D:12)
  7 jellies
  27 orc wizards
  4 bullfrog skeletons
  8 centaur skeletons
  7 gnoll shamans
  9 hounds
  31 orc priests
  2 iron imps
  5 iguanas
  23 worker ants
  A hound skeleton (D:5)
  A howler monkey zombie (D:7)
  22 gnolls
  9 adders
  A howler monkey skeleton (D:6)
  A shadow imp (D:8)
  4 oozes
  An adder skeleton (D:6)
  9 worms
  2 leopard geckos
  131 orcs
  9 bats
  2 giant cockroaches
  8 goblins
  4 hobgoblins
  5 jackals
  2 quokkas
  6 ball pythons
  6 frilled lizards
  A jackal zombie (D:6)
  18 kobolds
  A leopard gecko skeleton (D:4)
  2 quokka skeletons (D:9)
  12 rats
  A briar patch (Swamp:4)
  2 fungi
  2 plants
1809 creatures vanquished.

Vanquished Creatures (others)
  A fire giant (Depths:1)
  A vault warden (Vaults:1)
  A centaur warrior (Vaults:1)
  A shambling mangrove (Swamp:4)
  An orc high priest (Orc:2)
  2 deep elf archers
  4 yaktaurs
  An orc warrior (Vaults:2)
  An orc priest (Orc:2)
  A worker ant (Spider:3)
  An orc (D:15)
  15 fungi
  16 plants
  4 starspawn tentacles (Abyss:2)
50 creatures vanquished.

Grand Total: 1859 creatures vanquished

Notes
Turn   | Place    | Note
-------+----------+-------------------------------------------
     0 | D:1      | Faels the Vampire Artificer began the quest for the Orb.
     0 | D:1      | Reached XP level 1. HP: 14/14 MP: 2/2
    38 | D:1      | Reached skill level 1 in Fighting
   115 | D:1      | Reached skill level 2 in Stealth
   181 | D:1      | Reached XP level 2. HP: 20/21 MP: 4/4
   876 | D:2      | Reached XP level 3. HP: 26/26 MP: 5/5
   993 | D:2      | Reached skill level 3 in Stealth
   994 | D:2      | Reached XP level 4. HP: 33/33 MP: 6/6
  1696 | D:3      | Found a sparkling altar of Nemelex Xobeh.
  2115 | D:3      | Found a glowing drain.
  2128 | Sewer    | Entered a sewer
  2272 | Sewer    | Noticed a big kobold
  2287 | Sewer    | Killed a big kobold
  2287 | Sewer    | Reached skill level 4 in Stealth
  2287 | Sewer    | Reached XP level 5. HP: 33/39 MP: 7/7
  2446 | Sewer    | Reached skill level 5 in Short Blades
  2446 | Sewer    | Reached skill level 5 in Stealth
  2446 | Sewer    | Reached XP level 6. HP: 46/46 MP: 8/8
  2852 | D:4      | Found a sacrificial altar of Ru.
  2992 | D:4      | Reached XP level 7. HP: 39/52 MP: 9/9
  3039 | D:4      | Found a stormy altar of Qazlal.
  3429 | D:4      | Found a blossoming altar of Fedhas.
  3460 | D:4      | Reached skill level 6 in Stealth
  3747 | D:4      | Found a shadowy altar of Dithmenos.
  3785 | D:5      | Entered Level 5 of the Dungeon
  3785 | D:5      | Found Dyno's Distillery.
  3792 | D:5      | Bought a potion of curing for 39 gold pieces
  3792 | D:5      | Bought a potion of haste for 130 gold pieces
  3792 | D:5      | Bought a potion of might for 52 gold pieces
  3807 | D:5      | Found a hide-covered altar of Uskayaw.
  4063 | D:5      | Found a staircase to the Ecumenical Temple.
  4083 | Temple   | Entered the Ecumenical Temple
  4169 | D:5      | Found a shattered altar of Ashenzari.
  4547 | D:6      | Found an iron altar of Okawaru.
  4583 | D:6      | Became a worshipper of Warmaster Okawaru
  4828 | D:6      | Found a hazy altar of Hepliaklqana.
  4893 | D:6      | Reached XP level 8. HP: 37/52 MP: 10/10
  5019 | D:6      | Reached * piety under Okawaru
  5367 | D:6      | Reached skill level 10 in Short Blades
  5780 | D:7      | Reached ** piety under Okawaru
  5943 | D:7      | Reached XP level 9. HP: 64/64 MP: 11/11
  6182 | D:7      | Noticed a gargoyle
  6200 | D:7      | Killed a gargoyle
  6475 | D:8      | Noticed a green ugly thing
  6495 | D:8      | Killed a green ugly thing
  6495 | D:8      | Reached *** piety under Okawaru
  6804 | D:8      | Found an iron altar of Okawaru.
  7196 | D:9      | Reached **** piety under Okawaru
  7196 | D:9      | Reached XP level 10. HP: 63/70 MP: 12/12
  7505 | D:9      | Noticed Erolcha
  7528 | D:9      | Killed Erolcha
  7528 | D:9      | Reached skill level 7 in Stealth
  7539 | D:9      | Reached skill level 8 in Stealth
  7911 | D:9      | Noticed a two-headed ogre
  7933 | D:9      | Killed a two-headed ogre
  7933 | D:9      | Received a gift from Okawaru
  7933 | D:9      | Reached skill level 5 in Fighting
  7933 | D:9      | Reached skill level 1 in Throwing
  8237 | D:9      | Found Juxkess's Assorted Antiques.
  8285 | D:9      | Reached skill level 5 in Dodging
  8301 | D:9      | Bought an ancient bardiche for 336 gold pieces
  8301 | D:9      | Identified the cursed +2 bardiche of Xom's Vengeance
                  | {venom, *Drain rF- rC+++ Str+4} (You bought it in a shop on
                  | level 9 of the Dungeon)
  8345 | D:9      | Bought a scroll labeled ICIALIXT NIRODACHU for 24 gold
                  | pieces
  8445 | D:10     | Entered Level 10 of the Dungeon
  8452 | D:10     | Found a shadowy altar of Dithmenos.
  8455 | D:10     | Reached ***** piety under Okawaru
  8455 | D:10     | Reached skill level 9 in Stealth
  8462 | D:10     | Noticed Nergalle
  8482 | D:10     | Killed Nergalle
  8514 | D:10     | Found Dysibeas's Antique Weapon Shop.
  8546 | D:10     | Got a faintly glowing battleaxe
  8547 | D:10     | Identified the cursed +3 battleaxe of the Lesser Evil
                  | {vorpal, rElec Int-2 Stlth+} (You found it on level 10 of
                  | the Dungeon)
  8758 | D:10     | Reached XP level 11. HP: 80/80 MP: 13/13
  9143 | D:10     | Reached skill level 1 in Invocations
  9176 | D:10     | Received a gift from Okawaru
  9257 | D:10     | Found a staircase to the Lair.
  9270 | D:10     | Reached skill level 10 in Stealth
  9732 | Lair:1   | Entered Level 1 of the Lair of Beasts
  9960 | Lair:1   | Noticed an eight-headed hydra
 10055 | Lair:1   | Killed an eight-headed hydra
 11211 | Lair:2   | Reached skill level 11 in Stealth
 11300 | Lair:2   | Received a gift from Okawaru
 11572 | Lair:2   | Reached XP level 12. HP: 34/71 MP: 13/15
 12986 | Lair:3   | Noticed an eight-headed hydra
 12986 | Lair:3   | Noticed a five-headed hydra
 13328 | Lair:3   | Killed an eight-headed hydra
 13328 | Lair:3   | Reached skill level 5 in Evocations
 13581 | Lair:3   | Reached skill level 12 in Stealth
 13636 | Lair:3   | Killed a five-headed hydra
 14566 | Lair:3   | Found a hole to the Spider Nest.
 14746 | Lair:3   | Received a gift from Okawaru
 15162 | Lair:3   | Learned a level 2 spell: Poisonous Vapours
 15166 | Lair:3   | Learned a level 3 spell: Mephitic Cloud
 15564 | Lair:3   | Received a gift from Okawaru
 15849 | Lair:3   | Reached skill level 13 in Stealth
 16238 | Lair:3   | Noticed a death yak
 16248 | Lair:3   | Killed a death yak
 16476 | Lair:3   | Found a staircase to the Swamp.
 16630 | Lair:3   | Learned a level 3 spell: Frozen Ramparts
 16772 | Lair:4   | Reached XP level 13. HP: 61/78 MP: 18/18
 18491 | D:10     | Bought an iridescent war axe for 289 gold pieces
 18495 | D:10     | Identified the +9 war axe of Conscience {flame, *Corrode
                  | rN+ Str+8 Int-3} (You bought it in a shop on level 10 of
                  | the Dungeon)
 18830 | Lair:4   | Reached skill level 1 in Axes
 19352 | Lair:4   | Received a gift from Okawaru
 19673 | Lair:5   | Reached skill level 5 in Axes
 20229 | Lair:5   | Found a staircase to the Slime Pits.
 21234 | Lair:6   | Entered Level 6 of the Lair of Beasts
 21330 | Lair:6   | Received a gift from Okawaru
 21370 | Lair:6   | Reached skill level 1 in Armour
 21519 | Lair:6   | Reached skill level 1 in Shields
 21901 | Lair:6   | Noticed Sonja
 21903 | Lair:6   | Noticed Sonja
 21903 | Lair:6   | Sonja changed into Sonja the black bear
 21908 | Lair:6   | Killed Sonja the black bear
 22174 | Lair:6   | Got a slimy chain mail
 22185 | Lair:6   | Identified the +1 chain mail of Disguise {rN+ MR+} (You
                  | found it on level 6 of the Lair of Beasts)
 22210 | Lair:6   | Reached skill level 5 in Invocations
 22210 | Lair:6   | Reached XP level 14. HP: 106/106 MP: 19/19
 22249 | Lair:6   | Received a gift from Okawaru
 22334 | Lair:6   | Got an encrusted arbalest {god gift}
 22434 | Lair:6   | Got a translucent ivory amulet
 22438 | Lair:6   | Identified the amulet of Irrepressible Laughter {RegenMP
                  | Dex+5} (You found it on level 6 of the Lair of Beasts)
 23041 | Lair:6   | Reached skill level 10 in Dodging
 24803 | D:11     | Noticed Erica
 24815 | D:11     | Killed Erica
 24815 | D:11     | Received a gift from Okawaru
 24890 | D:11     | Found a staircase to the Orcish Mines.
 25729 | Orc:1    | Entered Level 1 of the Orcish Mines
 25733 | Orc:1    | Noticed an orc warlord
 25937 | D:11     | Killed an orc warlord
 25937 | D:11     | Received a gift from Okawaru
 25937 | D:11     | Reached skill level 14 in Stealth
 25941 | D:11     | Got a crude buckler {god gift}
 25952 | D:11     | Identified the +0 buckler of the King of the Hill {rN+ MR+}
                  | (Okawaru gifted it to you on level 11 of the Dungeon)
 26622 | Orc:2    | Entered Level 2 of the Orcish Mines
 27024 | Orc:2    | Found a roughly hewn altar of Beogh.
 27093 | Orc:2    | Found a roughly hewn altar of Beogh.
 27094 | Orc:2    | Noticed an orc warlord
 27402 | Orc:2    | Found Cegreosi's Antique Armour Emporium.
 27487 | Orc:2    | Found Popinom's Gadget Shoppe.
 27639 | Orc:2    | Noticed Donald
 27645 | Orc:2    | Killed Donald
 27821 | Orc:2    | Killed an orc warlord
 28067 | Orc:2    | Reached skill level 10 in Fighting
 28169 | Orc:2    | Found Viost's Antique Armour Emporium.
 28227 | Orc:2    | Received a gift from Okawaru
 28270 | Orc:2    | Gained mutation: You are agile. (Dex +2) [potion of
                  | mutation]
 28270 | Orc:2    | Gained mutation: You can translocate small distances at
                  | will. [potion of mutation]
 28425 | Orc:2    | Found Emesk's Food Shop.
 28435 | Orc:2    | Reached skill level 15 in Stealth
 28723 | Orc:2    | Reached XP level 15. HP: 91/115 MP: 20/20
 28926 | Orc:2    | Reached skill level 5 in Armour
 29093 | Orc:2    | Found a staircase to the Elven Halls.
 29532 | Orc:1    | You fall into a shaft and drop 1 floor!
 29710 | Orc:2    | Bought a wand of iceblast (6) for 110 gold pieces
 29710 | Orc:2    | Bought a wand of acid (11) for 330 gold pieces
 29710 | Orc:2    | Bought a wand of iceblast (9) for 143 gold pieces
 30249 | Orc:2    | Bought a glowing hat for 154 gold pieces
 30359 | Orc:2    | Bought a sack of spiders for 220 gold pieces
 30444 | D:12     | Found a transporter.
 30452 | D:12     | Found a flagged portal.
 30475 | Bailey   | Entered a bailey
 31026 | D:12     | Found a transporter.
 31026 | D:12     | Noticed Uwkeq's ghost (journeyman MiFi)
 31032 | D:12     | Noticed Rupert
 31040 | D:12     | Killed Rupert
 31504 | D:12     | Killed Uwkeq's ghost
 31759 | D:12     | Received a gift from Okawaru
 32025 | D:12     | Noticed Kirke
 32031 | D:12     | Killed Kirke
 32097 | D:12     | Got a faintly humming kite shield
 32108 | D:12     | Identified the +4 kite shield of Distant Shores {rC+ Int+2}
                  | (You found it on level 12 of the Dungeon)
 32373 | D:12     | Noticed Jorgrun
 32417 | D:12     | Killed Jorgrun
 32417 | D:12     | Reached skill level 16 in Stealth
 33016 | D:13     | Received a gift from Okawaru
 33143 | D:13     | Noticed Nessos
 33161 | D:13     | Killed Nessos
 33161 | D:13     | Reached skill level 5 in Shields
 33710 | D:13     | Found a gate to the Vaults.
 34123 | D:13     | Received a gift from Okawaru
 34778 | Swamp:1  | Entered Level 1 of the Swamp
 35303 | Swamp:1  | Received a gift from Okawaru
 35925 | Spider:1 | Entered Level 1 of the Spider Nest
 36597 | Spider:1 | Reached XP level 16. HP: 124/124 MP: 21/21
 36750 | Spider:1 | Received a gift from Okawaru
 38327 | Spider:2 | Reached skill level 10 in Shields
 38798 | Spider:2 | Noticed Agnes
 40126 | Spider:2 | Killed Agnes
 41290 | Spider:3 | Received a gift from Okawaru
 41449 | Spider:3 | Found a runed translucent gate.
 41450 | Spider:3 | Found a runed translucent gate.
 41452 | Spider:3 | Found a runed translucent gate.
 41565 | Spider:3 | Received a gift from Okawaru
 41661 | Spider:3 | Got a steaming kite shield {god gift}
 41662 | Spider:3 | Identified the +0 kite shield of Cettuatyiss {Int+5}
                  | (Okawaru gifted it to you on level 3 of the Spider Nest)
 42135 | Spider:3 | Noticed iishen's ghost (adept CeHu)
 42680 | Spider:3 | Killed iishen's ghost
 42785 | Spider:3 | Got a polished cloak
 42787 | Spider:3 | Identified the +0 cloak of Joumexto {rF++} (You found it on
                  | level 3 of the Spider Nest)
 42868 | Spider:4 | Entered Level 4 of the Spider Nest
 43084 | Spider:4 | Reached XP level 17. HP: 53/130 MP: 22/22
 44770 | Spider:4 | Noticed Arachne
 45034 | Spider:4 | Received a gift from Okawaru
 45254 | Spider:4 | Killed Arachne
 45274 | Spider:4 | Reached skill level 15 in Shields
 45468 | Spider:4 | Got a gossamer rune of Zot
 45942 | Swamp:1  | Reached skill level 1 in Long Blades
 47749 | Swamp:2  | Received a gift from Okawaru
 47957 | Swamp:2  | Reached skill level 5 in Long Blades
 49329 | Swamp:4  | Entered Level 4 of the Swamp
 50736 | Swamp:4  | Got a decaying rune of Zot
 50909 | Swamp:4  | Reached XP level 18. HP: 135/136 MP: 23/23
 51646 | Swamp:4  | Reached skill level 10 in Long Blades
 52374 | Lair:2   | Upgraded the game from 0.25-a0-488-g03579ab to
                  | 0.25-a0-489-g9ae84a0
 52376 | Lair:2   | Learned a level 1 spell: Animate Skeleton
 52378 | Lair:2   | Learned a level 1 spell: Apportation
 52787 | D:14     | Reached skill level 1 in Ice Magic
 52787 | D:14     | Reached skill level 1 in Air Magic
 52787 | D:14     | Reached skill level 1 in Poison Magic
 52943 | D:14     | Found a shimmering blue altar of Sif Muna.
 53050 | D:14     | Reached skill level 1 in Spellcasting
 53412 | D:15     | Entered Level 15 of the Dungeon
 53425 | D:15     | Found a radiant altar of Vehumet.
 53428 | D:15     | Reached skill level 1 in Conjurations
 53448 | D:15     | Received a gift from Okawaru
 53829 | D:15     | Found a basalt altar of Yredelemnul.
 53898 | D:15     | Paralysed by a floating eye for 2 turns
 53908 | D:15     | Paralysed by a floating eye for 4 turns
 54083 | D:15     | Found a shimmering altar of Xom.
 54274 | D:15     | Noticed Josephine
 54306 | D:15     | Killed Josephine
 54306 | D:15     | Received a gift from Okawaru
 54363 | D:15     | Got a warped falchion {god gift}
 54372 | D:15     | Identified the +7 falchion "Oveix" {drain, Int+4} (Okawaru
                  | gifted it to you on level 15 of the Dungeon)
 54442 | D:15     | Found a staircase to the Depths.
 54610 | D:15     | Got a twitching iron ring
 54621 | D:15     | Identified the ring of Hin Tiaph {AC+3 Int+6} (You found it
                  | on level 15 of the Dungeon)
 54714 | D:15     | Learned a level 2 spell: Corpse Rot
 54717 | D:15     | Learned a level 2 spell: Ensorcelled Hibernation
 54719 | D:15     | Learned a level 1 spell: Freeze
 54722 | D:15     | Learned a level 2 spell: Passwall
 54725 | D:15     | Learned a level 2 spell: Slow
 54898 | D:15     | Got a scorched jade ring
 54903 | D:15     | Identified the ring of Kogg {Wiz rF+ rN+ SInv} (You found
                  | it on level 15 of the Dungeon)
 55121 | D:15     | Cast into level 2 of the Abyss (spriggan rider)
 55335 | Abyss:2  | Noticed a bone dragon
 55382 | Abyss:2  | Killed a bone dragon
 55517 | Abyss:2  | Received a gift from Okawaru
 55574 | Abyss:2  | Noticed an ancient lich
 55586 | Abyss:2  | Noticed a bone dragon
 55594 | Abyss:2  | Killed an ancient lich
 55594 | Abyss:2  | Reached XP level 19. HP: 47/142 MP: 16/24
 55598 | D:15     | Escaped the Abyss
 55650 | D:15     | Identified a +0 pair of boots of running (Okawaru gifted it
                  | to you on level 2 of the Abyss)
 55804 | D:15     | Got a fine amber ring
 55810 | D:15     | Identified the ring "Lepnit" {rC+ Dex+2 SInv} (You found it
                  | on level 15 of the Dungeon)
 56865 | Vaults:1 | Entered Level 1 of the Vaults
 58168 | Vaults:1 | Reached skill level 5 in Ice Magic
 58168 | Vaults:1 | Reached skill level 5 in Air Magic
 58770 | Vaults:1 | Reached skill level 1 in Transmutations
 58914 | Vaults:1 | Reached skill level 1 in Earth Magic
 59146 | Vaults:1 | Found Hibiel's Antique Armour Boutique.
 59154 | Vaults:1 | Bought a runed helmet for 307 gold pieces
 59281 | Vaults:2 | Noticed Bai Suzhen
 59668 | Vaults:2 | Killed Bai Suzhen
 59770 | Vaults:2 | Received a gift from Okawaru
 59960 | Vaults:2 | Reached skill level 17 in Stealth
 60121 | Vaults:2 | Found a flickering gateway to a bazaar.
 60137 | Bazaar   | Entered a bazaar
 60157 | Bazaar   | Found Roilluda's Jewellery Emporium.
 60187 | Bazaar   | Found Kitylobi's Gadget Boutique.
 60276 | Bazaar   | Found Siagar's Magic Scroll Emporium.
 60284 | Bazaar   | Bought 2 scrolls of enchant weapon for 165 gold pieces
 60284 | Bazaar   | Bought a scroll of acquirement for 572 gold pieces
 60306 | Bazaar   | Found Niepsuh's Jewellery Emporium.
 60586 | Bazaar   | Bought the ring of Phasing {EV+8} for 1280 gold pieces
 60586 | Bazaar   | Found the ring of Phasing {EV+8}
 60668 | Bazaar   | Bought a scroll of remove curse for 33 gold pieces
 60668 | Bazaar   | Bought a scroll of enchant weapon for 82 gold pieces
 60668 | Bazaar   | Bought a scroll of identify for 22 gold pieces
 60668 | Bazaar   | Bought a scroll of identify for 22 gold pieces
 60668 | Bazaar   | Bought a scroll of blinking for 82 gold pieces
 60668 | Bazaar   | Bought a scroll of teleportation for 33 gold pieces
 60668 | Bazaar   | Bought a scroll of identify for 22 gold pieces
 60668 | Bazaar   | Bought a scroll of identify for 22 gold pieces
 60803 | Vaults:2 | Identified Latuc's Guide on Boosts and Intoxication (You
                  | acquired it on level 2 of the Vaults)
 61145 | Vaults:2 | Received a gift from Okawaru
 61687 | Vaults:3 | Paralysed by an ogre mage for 2 turns
 61919 | Vaults:2 | Reached skill level 5 in Transmutations
 62126 | Vaults:3 | Reached skill level 5 in Earth Magic
 62130 | Vaults:3 | Identified the ring "Anozute" {*Slow +Fly rPois MR+ Stlth+}
 62157 | Vaults:3 | Reached XP level 20. HP: 108/149 MP: 20/27
 62170 | Vaults:3 | Received a gift from Okawaru
 62315 | Vaults:3 | Got a transparent hat {god gift}
 62316 | Vaults:3 | Identified the -2 hat of Mairph {rPois rC- Dex+4 Stlth+}
                  | (Okawaru gifted it to you on level 3 of the Vaults)
 62790 | Vaults:3 | Reached skill level 18 in Stealth
 63165 | Vaults:3 | Identified the +2 ring mail of the Ego {+Inv rCorr Dex+4}
 64013 | Vaults:3 | Paralysed by a vampire knight for 4 turns
 64205 | Vaults:3 | Found a staircase to the Crypt.
 64648 | Elf:1    | Entered Level 1 of the Elven Halls
 66090 | Elf:1    | Identified the Handbook of Creation
 66373 | Elf:1    | Received a gift from Okawaru
 66789 | Elf:1    | Lost mutation: You are agile. (Dex +2) [potion of mutation]
 66789 | Elf:1    | Lost mutation: You can translocate small distances at will.
                  | [potion of mutation]
 66789 | Elf:1    | Gained mutation: Your muscles are strong. (Str +2) [potion
                  | of mutation]
 66789 | Elf:1    | Gained mutation: You possess an exceptional clarity of
                  | mind. [potion of mutation]
 67012 | Elf:1    | Found a gateway to a bazaar.
 67573 | Elf:2    | Reached skill level 19 in Stealth
 67690 | Elf:2    | Reached ****** piety under Okawaru
 67715 | Elf:2    | Found a runed translucent gate.
 67716 | Elf:2    | Found a runed translucent gate.
 67720 | Elf:2    | Found a runed translucent gate.
 67837 | Elf:2    | Received a gift from Okawaru
 68762 | Elf:2    | Reached XP level 21. HP: 75/125 MP: 21/28
 69160 | Elf:2    | Received a gift from Okawaru
 70144 | Depths:1 | Entered Level 1 of the Depths
 70310 | Depths:1 | You fall into a shaft and drop 1 floor!
 70382 | Depths:2 | Found a one-way gate leading to the halls of Pandemonium.
 70466 | Depths:2 | Noticed Aizul
 70472 | Depths:2 | Killed Aizul
 71675 | Depths:1 | Received a gift from Okawaru
 71905 | Depths:1 | Found a gateway to Hell.
 72003 | Depths:1 | Reached skill level 20 in Stealth
 72402 | Depths:1 | HP: 4/127 [fire giant/+0 great sword of flaming (26)]
 73118 | Depths:1 | Reached skill level 15 in Dodging
 73322 | Depths:1 | Received a gift from Okawaru
 73804 | Hell     | Entered the Vestibule of Hell
 73804 | Hell     | Noticed Geryon
 73809 | Hell     | Noticed Murray
 75926 | Depths:1 | Killed Murray
 77272 | Hell     | Killed Geryon
 77493 | Depths:2 | Reached XP level 22. HP: 133/133 MP: 29/29
 77586 | Depths:2 | Paralysed by a floating eye for 4 turns
 77598 | Depths:2 | Paralysed by a floating eye for 4 turns
 77601 | Depths:2 | Mangled by an ettin

Levels and vault maps discovered:
D:1:      lightli_arrival_windingriver, layout_loops_ring
D:2:      layout_loops_ring
D:3:      layout_loops_corners, nemelex_xobeh_ov_fountains_minmay,
          portal_sewer_entry_d, glass_columns_a
D:4:      layout_layer_cave, lemuel_coloured_pillars_altar, fedhas_altar_2,
          nicolae_qazlal_general_emergency, nicolae_ru_great_annihilating_truth
D:5:      layout_gridville, minmay_temple_entry_arrows, first_ration,
          basic_altar, serial_shops, nicolae_shop_waterfront, ashenzari_altar_1
D:6:      layout_loops_corners, lemuel_doored_altar, lemuel_altar_in_water
D:7:      layout_rooms, grunt_ogre_cave, minmay_crystal_water,
          kennysheep_generic_room_2
D:8:      layout_loops_ring, kennysheep_okawaru_gauntlet, minivault_11
D:9:      layout_basic, kennysheep_windowed_goal, uniq_erolcha
D:10:     layout_loops_ring, erik_lair_dragon, serial_shops,
          nicolae_shop_crystal, basic_altar, nrook_mini_vaults, uniq_nergalle
D:11:     layout_irregular_city, erik_orc_1, uniq_erica
D:12:     layout_roguey, enter_bailey_2, gammafunk_ghost_mausoleum, minivault_7,
          uniq_kirke, uniq_rupert, uniq_jorgrun
D:13:     layout_basic, david_vaults_1, uniq_nessos
D:14:     layout_loops_ring, tgw_sif
D:15:     hangedman_spin_cycle, uniq_josephine
Temple:   nicolae_temple_x_marks_the_god
Lair:1:   layout_small_grid, lemuel_fruit_tree
Lair:2:   layout_cave_pods, guppyfry_lair_drakes, grunt_megastairs_3,
          serial_bayou_shore_a
Lair:3:   layout_roguey, minmay_swamp_entry_swarm,
          nicolae_spider_entry_non_spiders, minmay_shattered_shrine
Lair:4:   layout_roguey, special_room [special_room_mythical_zoo]
Lair:5:   layout_cave_shapes, nicolae_slime_entry_slimehenge,
          grunt_forest_large_clearing_hut
Lair:6:   evilmike_catoblepas_cave, layout_regular_city, minivault_24,
          minmay_lair_oklob_chamber, uniq_sonja
Swamp:1:  layout_basic_swamp, evilmike_swamp_ruin_house_1, swamp_pool1,
          st_swamp_ruins_4
Swamp:2:  layout_falls_marsh, evilmike_swamp_ruin_house_2
Swamp:3:  layout_falls_marsh, evilmike_swamp_ruin_wall,
          nicolae_swamp_necromancer_hut
Swamp:4:  swamp, layout_basic_swamp, swamp_pool1
Spider:1: layout_spider_delve, hive_lemuel
Spider:2: layout_spider_delve, drop_trap, uniq_agnes
Spider:3: layout_spider_delve, gammafunk_ghost_tricky_traps, zaba_antful_of_joy
Spider:4: grunt_spider_rune_circles, uniq_arachne
Orc:1:    layout_caves
Orc:2:    pubby_orc_utopia, uniq_donald
Elf:1:    eino_elf_arrival_sip, layout_onion_city, serial_shops,
          bzr_entry_dummy, minmay_elf_demonology
Elf:2:    layout_onion_city
Vaults:1: vaults_mumra_chevron_long, grunt_vaults_diagonal, v_pattern_4,
          v_misc_12, st_cross, v_misc_9, v_misc_19, v_misc_30, v_misc_31,
          ontoclasm_vaults_loading_screen, layout_vaults_chaotic_city,
          serial_shops, nicolae_shop_trees
Vaults:2: nicolae_vaults_little_squares_1, v_misc_8,
          nicolae_vaults_fighting_squares, v_rooms_6,
          nicolae_vaults_little_squares_2, nicolae_vaults_little_squares_3,
          vaults_dpeg_ring, grunt_vaults_hallway_short, vaults_dpeg_doors,
          nicolae_vaults_little_squares_3, layout_vaults_quadrants,
          serial_shops, bzr_entry_water, uniq_bai_suzhen
Vaults:3: v_misc_4, nicolae_vaults_angled_halls, nicolae_vaults_quartermaster,
          nicolae_vaults_network_periphery, nicolae_vaults_network_s,
          vaults_room_large_hall, minmay_crypt_entry_simple_round,
          vaults_room_grid, nicolae_vaults_mini_display_case, vaults_room_pool,
          layout_vaults_omnicross
Depths:1: cross_vault, layout_basic, pf_hell_entry_tar_river, drop_trap,
          grunt_ministairs_2, due_unseen_surprise
Depths:2: kennysheep_blocky_hall, layout_gridlike, serial_bayou,
          serial_bayou_pond_e, serial_bayou_pond_d, serial_bayou_pond_d,
          serial_bayou_shore_b, pan_entry, hell_entry, uniq_aizul
Hell

Skill      XL: |  1  2  3  4  5  6  7  8  9 10 11 12 13 14 15 16 17 18 19 20 21 |
---------------+----------------------------------------------------------------+-----
Fighting       | 1 2 3 5 6 8 10 11 12 | 12.6
Stealth        | 2 3 4 5 6 9 11 13 15 16 17 19 20 | 20.7
Short Blades   | 2 3 4 5 8 11 13 14 | 14.0
Dodging        | 5 7 9 11 13 14 15 | 15.4
Throwing       | 2 4 |  4.6
Evocations     | 3 4 7 |  7.9
Invocations    | 3 5 |  5.1
Axes           | 7 8 9 |  9.9
Armour         | 1 4 6 7 8 |  8.9
Shields        | 1 4 8 13 15 | 15.0
Long Blades    | 9 11 | 11.7
Ice Magic      | 4 5 |  5.2
Air Magic      | 4 5 |  5.2
Poison Magic   | 3 4 |  4.7
Spellcasting   | 3 4 |  4.8
Conjurations   | 3 |  3.9
Transmutations | 5 7 |  7.0
Earth Magic    | 5 6 |  6.4

Action                   |  1- 3 |  4- 6 |  7- 9 | 10-12 | 13-15 | 16-18 | 19-21 | 22-24 || total
-------------------------+-------+-------+-------+-------+-------+-------+-------+-------++-------
Melee: Short sword       |    64 |       |     3 |       |       |       |       |       ||    67
       Bite              |    10 |    15 |    42 |    78 |   314 |   440 |   508 |     8 ||  1415
       Rapier            |    17 |   207 |   276 |   820 |  2027 |  2113 |  2167 |    38 ||  7665
       Falchion          |       |       |    57 |       |       |    42 |    21 |       ||   120
       Spear             |       |       |     3 |       |       |       |       |       ||     3
       Punch             |       |       |     2 |       |     1 |       |       |       ||     3
       War axe           |       |       |       |       |    40 |    22 |    70 |       ||   132
       Scimitar          |       |       |       |       |   107 |   644 |   677 |    13 ||  1441
       Unarmed           |       |       |       |       |       |     3 |       |       ||     3
Throw: Dart              |       |     1 |     9 |    83 |   104 |   113 |    24 |       ||   334
       Boomerang         |       |       |       |     1 |     7 |       |       |       ||     8
 Cast: Mephitic Cloud    |       |       |       |       |       |     2 |     3 |       ||     5
       Frozen Ramparts   |       |       |       |       |       |     1 |     1 |       ||     2
       Corpse Rot        |       |       |       |       |       |       |     1 |       ||     1
Invok: Heroism           |       |       |     5 |    10 |    26 |    35 |    30 |       ||   106
       Finesse           |       |       |       |     4 |    14 |    15 |    13 |       ||    46
 Abil: Exsanguinate      |       |       |     1 |     3 |     2 |     3 |     3 |       ||    12
       Bat Form          |       |       |     1 |     3 |       |     1 |     1 |       ||     6
       End Transformatio |       |       |     1 |     2 |       |     1 |       |       ||     4
       Revivify          |       |       |     1 |     1 |     3 |     2 |     2 |       ||     9
       Blink             |       |       |       |       |     2 |     3 |    11 |       ||    16
Evoke: Wand              |       |       |     3 |     2 |     6 |     5 |     5 |       ||    21
       Sack of spiders   |       |       |       |       |       |       |     3 |       ||     3
  Use: Scroll            |       |       |    12 |    11 |    24 |    24 |    20 |       ||    91
       Potion            |       |       |       |     3 |     5 |     9 |    13 |       ||    30
 Stab: Sleeping          |     2 |     5 |    14 |    20 |    60 |    46 |    51 |     1 ||   199
       Paralysed         |       |     1 |       |       |       |       |       |       ||     1
       Distracted        |       |       |       |     3 |     3 |     8 |     9 |       ||    23
       Confused          |       |       |       |       |     2 |     2 |     2 |       ||     6
       Held in net/web   |       |       |       |       |       |     6 |     1 |       ||     7
Armor: Leather armour    |    13 |     2 |       |       |       |       |       |       ||    15
       Ring mail         |       |    91 |    96 |   118 |    73 |       |       |       ||   378
       Chain mail        |       |       |       |       |    95 |       |       |       ||    95
       Troll leather arm |       |       |       |       |    43 |       |       |       ||    43
       Acid dragon scale |       |       |       |       |    87 |    25 |   153 |     2 ||   267
       Swamp dragon scal |       |       |       |       |    21 |   520 |   152 |       ||   693
Dodge: Dodged            |    46 |   140 |   123 |   371 |  1138 |  1163 |  1658 |     9 ||  4648
Block: Buckler           |       |       |       |       |   329 |       |       |       ||   329
       Kite shield       |       |       |       |       |   300 |  2314 |  2597 |    21 ||  5232
       Reflection        |       |       |       |       |     2 |    29 |   111 |       ||   142
       Rpst.: Falchion   |       |       |     6 |       |       |     4 |       |       ||    10
       Scimitar          |       |       |       |       |    15 |    37 |   123 |     1 ||   176

Table legend:
 A = Non-vault XP
 B = Vault XP
 C = Vault XP percentage of total XP
 D = Non-vault monster count
 E = Vault monster count
 F = Vault count percentage of total count
                 A         B        C        D         E       F
            +---------+---------+-------+---------+---------+-------
      Total |  399602 |  312714 |  43.9 |    1063 |     754 |  41.5
            +---------+---------+-------+---------+---------+-------
        D:1 |      25 |       0 |   0.0 |      15 |       0 |   0.0
        D:2 |     108 |       0 |   0.0 |      25 |       0 |   0.0
        D:3 |       9 |      14 |  60.9 |       6 |       1 |  14.3
        D:4 |     332 |      56 |  14.4 |      17 |       4 |  19.0
        D:5 |     182 |       0 |   0.0 |       5 |       0 |   0.0
        D:6 |    1264 |       0 |   0.0 |      27 |       0 |   0.0
        D:7 |    1470 |     227 |  13.4 |      20 |       3 |  13.0
        D:8 |    1501 |       4 |   0.3 |      26 |       2 |   7.1
        D:9 |    2701 |    1249 |  31.6 |      30 |       4 |  11.8
       D:10 |    2087 |    2228 |  51.6 |      20 |       6 |  23.1
       D:11 |    4483 |    1499 |  25.1 |      34 |      18 |  34.6
       D:12 |    3420 |   15311 |  81.7 |      26 |      33 |  55.9
       D:13 |    9535 |    3103 |  24.6 |      41 |       5 |  10.9
       D:14 |    7066 |      35 |   0.5 |      20 |       1 |   4.8
       D:15 |    3484 |   42835 |  92.5 |       6 |      80 |  93.0
     Lair:1 |    4634 |       0 |   0.0 |      17 |       0 |   0.0
     Lair:2 |    4836 |     432 |   8.2 |      25 |       3 |  10.7
     Lair:3 |    6121 |   10303 |  62.7 |      35 |      38 |  52.1
     Lair:4 |    5319 |    4772 |  47.3 |      22 |      17 |  43.6
     Lair:5 |    5922 |    2723 |  31.5 |      20 |      14 |  41.2
     Lair:6 |    6168 |   11173 |  64.4 |      23 |      25 |  52.1
    Swamp:1 |    5197 |    7251 |  58.3 |      12 |      11 |  47.8
    Swamp:2 |   12424 |       0 |   0.0 |      34 |       0 |   0.0
    Swamp:3 |    6170 |    1837 |  22.9 |      18 |       7 |  28.0
    Swamp:4 |   20433 |   16822 |  45.2 |      41 |      25 |  37.9
   Spider:1 |    9094 |     812 |   8.2 |      29 |      13 |  31.0
   Spider:2 |   27623 |    2092 |   7.0 |      63 |       1 |   1.6
   Spider:3 |   11155 |   14526 |  56.6 |      26 |      48 |  64.9
   Spider:4 |    7216 |   27211 |  79.0 |      19 |      36 |  65.5
      Orc:1 |    2246 |    1032 |  31.5 |      14 |       7 |  33.3
      Orc:2 |    1798 |   21777 |  92.4 |       9 |     142 |  94.0
      Elf:1 |   16028 |    5643 |  26.0 |      30 |      11 |  26.8
      Elf:2 |   28696 |   25917 |  47.5 |      47 |      32 |  40.5
   Vaults:1 |   19226 |   14908 |  43.7 |      29 |      18 |  38.3
   Vaults:2 |   30615 |   17858 |  36.8 |      42 |      20 |  32.3
   Vaults:3 |   30362 |   25891 |  46.0 |      60 |      39 |  39.4
   Depths:1 |   45894 |   20917 |  31.3 |      59 |      24 |  28.9
   Depths:2 |   22479 |    4596 |  17.0 |      32 |       5 |  13.5
       Hell |    9721 |    6137 |  38.7 |      15 |       7 |  31.8
    Abyss:2 |   22558 |       0 |   0.0 |      24 |       0 |   0.0
      Sewer |       0 |     314 | 100.0 |       0 |      24 | 100.0
     Bailey |       0 |    1209 | 100.0 |       0 |      30 | 100.0
            +---------+---------+-------+---------+---------+-------
